PCL
HOUSTON HAMMERTIME @ VANCOUVER VIPERS
07/03/2026
 
TOP OF THE 1ST
Houston Hammertime batting - Pitching for Vancouver Vipers : LHP Greg Taylor
Pitching: LHP Greg Taylor
Batting: RHB Rafael Torres 0-0: Swinging Strike
0-1: Foul Ball, location: 2F
0-2: Ball
1-2: Ball
2-2: Ball
3-2: Base on Balls
Batting: RHB Santo Cruz 0-0: Ball
1-0: Ball
2-0: Ball
3-0: Called Strike
3-1: Foul Ball, location: 2F
3-2: Fly out, F6 (Popup, 6)
Batting: LHB Pat Jones 0-0: Ball
1-0: Foul Ball, location: 2F
1-1: Foul Ball, location: 2F
1-2: Foul Ball, location: 2F
1-2: SINGLE (Groundball, 5D)
Rafael Torres to second
Batting: SHB Cristo Ontiveros 0-0: Foul Ball, location: 2F
0-1: Ball
1-1: Called Strike
1-2: Foul Ball, location: 2F
1-2: Ball
2-2: Foul Ball, location: 2F
2-2: Foul Ball, location: 2F
2-2: Ball
3-2: Ground out 6-3 (Groundball, 6)
Rafael Torres to third
Pat Jones to second
Batting: LHB Bartolo Villanueva 0-0: Fly out, F5 (Popup, 25F)
Top of the 1st over - 0 run(s), 1 hit(s), 0 error(s), 2 left on base; Houston 0 - Vancouver 0
BOTTOM OF THE 1ST
Vancouver Vipers batting - Pitching for Houston Hammertime : RHP António Galindo
Pitching: RHP António Galindo
Batting: LHB Malcolm Thomas 0-0: Ball
1-0: Swinging Strike
1-1: Swinging Strike
1-2: Strikes out swinging
Batting: RHB Salvador Medine 0-0: Ground out 4-3 (Groundball, 34)
Batting: RHB Sergio Pujols 0-0: Ball
1-0: Fly out, F4 (Line Drive, 4)
Bottom of the 1st over - 0 run(s), 0 hit(s), 0 error(s), 0 left on base; Houston 0 - Vancouver 0
TOP OF THE 2ND
Houston Hammertime batting - Pitching for Vancouver Vipers : LHP Greg Taylor
Batting: RHB Alberto Chávez 0-0: Ball
1-0: Called Strike
1-1: Swinging Strike
1-2: Strikes out looking
Batting: RHB Moo-hyun Pak 0-0: Called Strike
0-1: Called Strike
0-2: Ball
1-2: Foul Ball, location: 2F
1-2: Ball
2-2: SINGLE (Groundball, 4MD)
Batting: RHB Arturo Rodríguez 0-0: Ball
1-0: Ball
2-0: Ball
3-0: Called Strike
3-1: Base on Balls
Moo-hyun Pak to second
Batting: LHB Enrique Valentín 0-0: Ball
1-0: Called Strike
1-1: Called Strike
1-2: DOUBLE (Line Drive, 7LM)
Moo-hyun Pak scores
Arturo Rodríguez to third
Batting: RHB Rafael Torres 0-0: SINGLE (Line Drive, 7S)
Arturo Rodríguez scores
Enrique Valentín to third
Runner from 3rd tries for Home, SAFE, no throw or cutoff
Batting: RHB Santo Cruz 0-0: Ball
1-0: Ball
2-0: Called Strike
2-1: Ball
3-1: Base on Balls
Rafael Torres to second
Batting: LHB Pat Jones 0-0: Foul Ball, location: 2F
0-1: Foul Ball, location: 2F
0-2: Ball
1-2: Foul Ball, location: 2F
1-2: Ball
2-2: Foul Ball, location: 2F
2-2: Ground out 3-1 (Groundball, 34)
Rafael Torres to third
Santo Cruz to second
Batting: SHB Cristo Ontiveros 0-0: Called Strike
0-1: Ball
1-1: Ball
2-1: Ball
3-1: SINGLE (Line Drive, 8RS)
Rafael Torres scores
Santo Cruz to third
Runner from 3rd tries for Home, SAFE, throw made home
Batting: LHB Bartolo Villanueva 0-0: Swinging Strike
0-1: Swinging Strike
0-2: Ball
1-2: Ball
2-2: Foul Ball, location: 2F
2-2: Ground out 1-3 (Groundball, 15S)
Top of the 2nd over - 5 run(s), 4 hit(s), 0 error(s), 1 left on base; Houston 5 - Vancouver 0
BOTTOM OF THE 2ND
Vancouver Vipers batting - Pitching for Houston Hammertime : RHP António Galindo
Batting: SHB Henry Copeland 0-0: Fly out, F9 (Flyball, 89XD)
Batting: RHB Lorenzo González 0-0: Foul Ball, location: 2F
0-1: Called Strike
0-2: Ball
1-2: Foul Ball, location: 2F
1-2: Ball
2-2: Strikes out swinging
Batting: RHB Alfredo Hernández 0-0: Called Strike
0-1: Ball
1-1: Fly out, F4 (Popup, 4)
Bottom of the 2nd over - 0 run(s), 0 hit(s), 0 error(s), 0 left on base; Houston 5 - Vancouver 0
TOP OF THE 3RD
Houston Hammertime batting - Pitching for Vancouver Vipers : LHP Greg Taylor
Batting: RHB Alberto Chávez 0-0: Ball
1-0: Ground out 6-3 (Groundball, 6M)
Batting: RHB Moo-hyun Pak 0-0: Called Strike
0-1: Foul Ball, location: 2F
0-2: Ball
1-2: Ball
2-2: Foul Ball, location: 2F
2-2: Foul Ball, location: 2F
2-2: DOUBLE (Line Drive, 9LM) - OUT at third base trying to stretch hit.
Batting: RHB Arturo Rodríguez 0-0: Foul Ball, location: 2F
0-1: Ball
1-1: Swinging Strike
1-2: Ground out 2-3 (Groundball, 2L)
Top of the 3rd over - 0 run(s), 1 hit(s), 0 error(s), 0 left on base; Houston 5 - Vancouver 0
BOTTOM OF THE 3RD
Vancouver Vipers batting - Pitching for Houston Hammertime : RHP António Galindo
Batting: RHB Steve Bender 0-0: Ball
1-0: Called Strike
1-1: Foul Ball, location: 2F
1-2: Ball
2-2: Strikes out looking
Batting: RHB Bill Little 0-0: Ball
1-0: Ball
2-0: Foul Ball, location: 2F
2-1: Ball
3-1: Foul Ball, location: 2F
3-2: Strikes out looking
Batting: RHB Oscar Rudd 0-0: Called Strike
0-1: Swinging Strike
0-2: Ball
1-2: Ball
2-2: Foul Ball, location: 2F
2-2: Ground out 6-3 (Groundball, 6)
Bottom of the 3rd over - 0 run(s), 0 hit(s), 0 error(s), 0 left on base; Houston 5 - Vancouver 0
TOP OF THE 4TH
Houston Hammertime batting - Pitching for Vancouver Vipers : LHP Greg Taylor
Pitching: RHP Sang-joon Pak
Batting: LHB Enrique Valentín 0-0: Ball
1-0: Foul Ball, location: 2F
1-1: Ball
2-1: Swinging Strike
2-2: Fly out, F8 (Flyball, 8RM)
Batting: RHB Rafael Torres 0-0: Ball
1-0: Called Strike
1-1: Swinging Strike
1-2: Foul Ball, location: 2F
1-2: Ball
2-2: Fly out, F9 (Flyball, 9M)
Batting: RHB Santo Cruz 0-0: Ball
1-0: Ball
2-0: Called Strike
2-1: Swinging Strike
2-2: Foul Ball, location: 2F
2-2: Ball
3-2: DOUBLE (Line Drive, 7M)
Batting: LHB Pat Jones 0-0: Called Strike
0-1: Ground out 4-3 (Groundball, 34)
Top of the 4th over - 0 run(s), 1 hit(s), 0 error(s), 1 left on base; Houston 5 - Vancouver 0
BOTTOM OF THE 4TH
Vancouver Vipers batting - Pitching for Houston Hammertime : RHP António Galindo
Batting: LHB Malcolm Thomas 0-0: Ball
1-0: SINGLE (Line Drive, 34D)
Batting: RHB Salvador Medine 0-0: Ball
1-0: Swinging Strike
1-1: Ball
Malcolm Thomas is caught stealing 2nd base
2-1: Called Strike
2-2: Ball
3-2: Fly out, F5 (Popup, 5DF)
Batting: RHB Sergio Pujols 0-0: Called Strike
0-1: Ball
1-1: Swinging Strike
1-2: DOUBLE (Flyball, 89XD)
Batting: SHB Henry Copeland 0-0: Called Strike
0-1: Ball
1-1: Ball
2-1: Ball
3-1: Base on Balls
Batting: RHB Lorenzo González 0-0: Foul Ball, location: 2F
0-1: Foul Ball, location: 2F
0-2: Ball
1-2: Foul Ball, location: 2F
1-2: Ball
2-2: Strikes out looking
Bottom of the 4th over - 0 run(s), 2 hit(s), 0 error(s), 2 left on base; Houston 5 - Vancouver 0
TOP OF THE 5TH
Houston Hammertime batting - Pitching for Vancouver Vipers : RHP Sang-joon Pak
Batting: SHB Cristo Ontiveros 0-0: Foul Ball, location: 2F
0-1: Called Strike
0-2: Strikes out swinging
Batting: LHB Bartolo Villanueva 0-0: Ball
1-0: Ball
2-0: Ball
3-0: Base on Balls
Batting: RHB Alberto Chávez 0-0: Called Strike
0-1: Foul Ball, location: 2F
0-2: Strikes out swinging
Batting: RHB Moo-hyun Pak 0-0: Foul Ball, location: 2F
0-1: Ground out 1-3 (Groundball, 13)
Top of the 5th over - 0 run(s), 0 hit(s), 0 error(s), 1 left on base; Houston 5 - Vancouver 0
BOTTOM OF THE 5TH
Vancouver Vipers batting - Pitching for Houston Hammertime : RHP António Galindo
Batting: RHB Alfredo Hernández 0-0: Ground out 4-3 (Groundball, 34)
Batting: RHB Steve Bender 0-0: SINGLE (Flyball, 9S)
Batting: RHB Bill Little 0-0: Swinging Strike
0-1: Ball
1-1: Ball
2-1: Swinging Strike
2-2: Foul Ball, location: 2F
2-2: Ball
3-2: Foul Ball, location: 2F
3-2: 2-RUN HOME RUN (Flyball, 78XD) (Inside the Park)
Batting: RHB Oscar Rudd 0-0: Ball
1-0: Foul Ball, location: 2F
1-1: Foul Ball, location: 2F
1-2: Strikes out swinging
Batting: LHB Malcolm Thomas 0-0: Called Strike
0-1: Ball
1-1: Ball
2-1: Foul Ball, location: 2F
2-2: Fly out, F7 (Flyball, 7M)
Bottom of the 5th over - 2 run(s), 2 hit(s), 0 error(s), 0 left on base; Houston 5 - Vancouver 2
TOP OF THE 6TH
Houston Hammertime batting - Pitching for Vancouver Vipers : RHP Sang-joon Pak
Batting: RHB Arturo Rodríguez 0-0: Swinging Strike
0-1: Foul Ball, location: 2F
0-2: Foul Ball, location: 2F
0-2: Ball
1-2: Ball
2-2: Ground out 4-3 (Groundball, 34)
Batting: LHB Enrique Valentín 0-0: Swinging Strike
0-1: Ground out U3 (Groundball, 3)
Batting: RHB Rafael Torres 0-0: Ball
1-0: Ball
2-0: Ball
3-0: Called Strike
3-1: SINGLE (Groundball, 6M)
Batting: RHB Santo Cruz 0-0: Called Strike
0-1: Swinging Strike
0-2: Ball
1-2: SINGLE (Line Drive, 78M)
Rafael Torres to second
Batting: LHB Pat Jones 0-0: Foul Ball, location: 2F
0-1: Foul Ball, location: 2F
0-2: Fly out, F6 (Popup, 6M)
Top of the 6th over - 0 run(s), 2 hit(s), 0 error(s), 2 left on base; Houston 5 - Vancouver 2
BOTTOM OF THE 6TH
Vancouver Vipers batting - Pitching for Houston Hammertime : RHP António Galindo
Batting: RHB Salvador Medine 0-0: Ball
1-0: Foul Ball, location: 2F
1-1: Ball
2-1: Swinging Strike
2-2: Strikes out looking
Batting: RHB Sergio Pujols 0-0: Ball
1-0: Hit by Pitch
Batting: SHB Henry Copeland 0-0: Called Strike
0-1: Ball
1-1: Called Strike
1-2: Ball
2-2: Foul Ball, location: 2F
2-2: Strikes out looking
Batting: RHB Lorenzo González Pickoff Throw to First - Out!
Bottom of the 6th over - 0 run(s), 0 hit(s), 0 error(s), 0 left on base; Houston 5 - Vancouver 2
TOP OF THE 7TH
Houston Hammertime batting - Pitching for Vancouver Vipers : RHP Sang-joon Pak
Pitching: LHP Ron Cummins
Batting: SHB Cristo Ontiveros 0-0: Ball
1-0: Called Strike
1-1: Ground out 1-3 (Groundball, 34S)
Batting: LHB Bartolo Villanueva 0-0: Ball
1-0: Foul Ball, location: 2F
1-1: Ball
2-1: Ball
3-1: Foul Ball, location: 2F
3-2: DOUBLE (Line Drive, 78M)
Batting: RHB Alberto Chávez 0-0: Called Strike
0-1: Ball
1-1: Foul Ball, location: 2F
1-2: Ground out 2-3 (Groundball, 23)
Bartolo Villanueva to third
Batting: RHB Moo-hyun Pak 0-0: Called Strike
0-1: Ball
1-1: Called Strike
1-2: Strikes out swinging
Top of the 7th over - 0 run(s), 1 hit(s), 0 error(s), 1 left on base; Houston 5 - Vancouver 2
BOTTOM OF THE 7TH
Vancouver Vipers batting - Pitching for Houston Hammertime : RHP António Galindo
Batting: RHB Lorenzo González 0-0: Ball
1-0: Ball
2-0: Ball
3-0: Called Strike
3-1: Base on Balls
Pitching: LHP Dan Snyder
Batting: RHB Alfredo Hernández 0-0: Ground out 5-3 (Groundball, 15S)
Lorenzo González to second
Batting: RHB Steve Bender 0-0: Ball
1-0: Ball
2-0: Called Strike
2-1: Swinging Strike
2-2: Foul Ball, location: 2F
2-2: Fly out, F9 (Flyball, 89M)
Batting: RHB Bill Little 0-0: Ball
1-0: Swinging Strike
1-1: Called Strike
1-2: Fly out, F3 (Popup, 3F)
Bottom of the 7th over - 0 run(s), 0 hit(s), 0 error(s), 1 left on base; Houston 5 - Vancouver 2
TOP OF THE 8TH
Houston Hammertime batting - Pitching for Vancouver Vipers : LHP Ron Cummins
Batting: RHB Arturo Rodríguez 0-0: Foul Ball, location: 2F
0-1: SINGLE (Groundball, 6MD)
Batting: LHB Enrique Valentín 0-0: Bunt missed!
0-1: Bunted foul
0-2: Ball
1-2: Ball
2-2: Ball
3-2: Foul Ball, location: 2F
3-2: Base on Balls
Arturo Rodríguez to second
Pitching: RHP Augusto Herrera
Batting: RHB Rafael Torres 0-0: Bunt missed!
0-1: Bunted foul
0-2: Ball
1-2: Foul Ball, location: 2F
1-2: Fly out, F9 (Flyball, 9D)
Runner from 2nd tags up, SAFE at 3rd, no throw
Pitching: LHP Jack Taylor
Batting: RHB Santo Cruz 0-0: Ball
1-0: SINGLE (Groundball, 6MD)
Arturo Rodríguez scores
Enrique Valentín to second
Batting: LHB Pat Jones 0-0: Ball
1-0: Ball
2-0: Fly out, F5 (Popup, 5SF)
Batting: SHB Cristo Ontiveros 0-0: Called Strike
0-1: Foul Ball, location: 2F
0-2: Ball
1-2: Foul Ball, location: 2F
1-2: Strikes out swinging
Top of the 8th over - 1 run(s), 2 hit(s), 0 error(s), 2 left on base; Houston 6 - Vancouver 2
BOTTOM OF THE 8TH
Vancouver Vipers batting - Pitching for Houston Hammertime : LHP Dan Snyder
Batting: RHB Oscar Rudd 0-0: Swinging Strike
0-1: Called Strike
0-2: Ball
1-2: Ball
2-2: Ground out 5-3 (Groundball, 5S)
Batting: LHB Malcolm Thomas 0-0: Fly out, F7 (Flyball, 7D)
Batting: RHB Salvador Medine 0-0: Called Strike
0-1: Ball
1-1: Ball
2-1: Foul Ball, location: 2F
2-2: Ball
3-2: Base on Balls
Batting: RHB Sergio Pujols 0-0: Ball
1-0: Foul Ball, location: 2F
1-1: Ground out 6-3 (Groundball, 6)
Bottom of the 8th over - 0 run(s), 0 hit(s), 0 error(s), 1 left on base; Houston 6 - Vancouver 2
TOP OF THE 9TH
Houston Hammertime batting - Pitching for Vancouver Vipers : LHP Jack Taylor
Batting: LHB Bartolo Villanueva 0-0: Called Strike
0-1: Ball
1-1: Swinging Strike
1-2: Strikes out looking
Batting: RHB Alberto Chávez 0-0: Called Strike
0-1: Ball
1-1: SINGLE (Groundball, 6M)
Batting: RHB Moo-hyun Pak 0-0: Called Strike
0-1: Ball
1-1: Called Strike
1-2: Ball
2-2: Strikes out swinging
Batting: RHB Arturo Rodríguez 0-0: Ball
1-0: Ball
2-0: Called Strike
2-1: Called Strike
2-2: Fly out, F7 (Flyball, 78M)
Top of the 9th over - 0 run(s), 1 hit(s), 0 error(s), 1 left on base; Houston 6 - Vancouver 2
BOTTOM OF THE 9TH
Vancouver Vipers batting - Pitching for Houston Hammertime : LHP Dan Snyder
Pitching: RHP Brandon Williams
Batting: SHB Henry Copeland 0-0: Ball
1-0: SINGLE (Line Drive, 56)
Batting: RHB Lorenzo González 0-0: Swinging Strike
0-1: Ground out 4-3 (Groundball, 4M)
Henry Copeland to second
Batting: RHB Alfredo Hernández 0-0: Foul Ball, location: 2F
0-1: Foul Ball, location: 2F
0-2: Ball
1-2: Foul Ball, location: 2F
1-2: SINGLE (Flyball, 9S)
Henry Copeland to third
Batting: RHB Steve Bender 0-0: Ball
1-0: Foul Ball, location: 2F
1-1: Swinging Strike
1-2: Strikes out swinging
Batting: RHB Bill Little 0-0: Ground out 4-3 (Groundball, 4)
Bottom of the 9th over - 0 run(s), 2 hit(s), 0 error(s), 2 left on base; Houston 6 - Vancouver 2
Monday, December 5th, 2016 - OOTP Baseball 17.12 Build 75